 Dungeon Crawl Stone Soup version 0.27-a0-1154-gfdeffcb720 (webtiles) character file.

Game seed: 15589526795866182621

142 polve the Cutter (level 5, -4/41 HPs)
             Began as a Demonspawn Abyssal Knight on May 14, 2021.
             Was a Believer of Lugonu.
             Slain by a gnoll
             ... wielding a +0 whip
              (7 damage)
             ... on level 3 of the Dungeon.
             The game lasted 00:03:11 (3406 turns).

polve the Cutter (Demonspawn Abyssal Knight)        Turns: 3406, Time: 00:03:11

Health: -4/41      AC:  9    Str: 13    XL:     5   Next: 3%
Magic:  5/6        EV: 11    Int: 13    God:    Lugonu [**....]
Gold:   67         SH:  0    Dex: 13    Spells: 4/4 levels left

rFire    . . .     SeeInvis .   q - +0 dagger (speed)
rCold    . . .     Faith    .   (no shield)
rNeg     . . .     Spirit   .   b - +0 leather armour
rPois    .         Reflect  .   (helmet restricted)
rElec    .         Harm     .   (no cloak)
rCorr    .         Rampage  .   (no gloves)
Will     .....                  (no boots)
Stlth    +.........             (no amulet)
HPRegen  0.13/turn              (no ring)
MPRegen  0.10/turn              (no ring)

@: sanguine armoured
A: horns 1, ignite blood 1, sanguine armour 1
a: Renounce Religion, Depart the Abyss, Bend Space


You were on level 3 of the Dungeon.
You worshipped Lugonu.
Lugonu was pleased with you.
You visited 1 branch of the dungeon, and saw 4 of its levels.
You visited the Abyss 1 time.

You collected 67 gold pieces.

Inventory:

Hand Weapons
 a - a +1 short sword
 q - a +0 dagger of speed (weapon)
Armour
 b - a +0 leather armour (worn)
Jewellery
 j - a ring of fire
 o - a ring of ice
 r - a ring of fire
Wands
 d - a wand of paralysis (9)
Scrolls
 c - a scroll of fog {unknown}
 g - 4 scrolls of identify {unknown}
 k - 2 scrolls of enchant armour {unknown}
 l - a scroll of magic mapping {unknown}
 m - a scroll of amnesia {unknown}
Potions
 f - 2 potions of cancellation {unknown}
 h - a potion of flight {unknown}
 i - a potion of lignification
 p - 2 potions of curing {unknown}


   Skills:
 + Level 3.4 Fighting
 - Level 4.0 Short Blades
 + Level 2.3 Armour
 + Level 1.5 Dodging
 - Level 2.4 Invocations


You had 4 spell levels left.
You didn't know any spells.
Your spell library was empty.

Dungeon Overview and Level Annotations

Branches:
Dungeon (4/15)
 Temple: D:4-7

Altars:

Shops:
D:2 :


Innate Abilities, Weirdness & Mutations

You have a pair of small horns on your head.
Your demonic aura sometimes causes spilled blood to erupt in flames.
When seriously injured, your bleeding wounds create armour. (AC +6)


Message History

The scorpion is moderately wounded.
The scorpion stings you but does no damage.
The gnoll hits you but does no damage. x3
The kobold hits you but does no damage.
You hit the scorpion but do no damage.
The scorpion is moderately wounded.
You feel less wooden.
Your +0 leather armour unmelds from your body.
Your blood congeals into armour.
The scorpion barely misses you. The gnoll hits you with a +0 whip!
The kobold throws a stone.
The stone hits you but does no damage.
The kobold throws a stone.
The stone closely misses you.
Found an escape hatch in the floor.
You feel a little less clever now.
There is a stone staircase leading up here.
The kobold throws a stone.
The stone hits you but does no damage. The gnoll hits you but does no damage.
You climb upwards.
There is a stone staircase leading down here.
You closely miss the gnoll. The gnoll hits you with a +0 whip!
* * * LOW HITPOINT WARNING * * *
You barely miss the gnoll. You hit the gnoll but do no damage.
The gnoll hits you but does no damage.
Your leather armour prevents you from hitting the gnoll.
The gnoll hits you but does no damage.
You hit the gnoll but do no damage. You hit the gnoll. You headbutt the gnoll.
The gnoll is moderately wounded.
The gnoll hits you with a +0 whip.
* * * LOW HITPOINT WARNING * * *
You hit the gnoll.
The gnoll is moderately wounded.
The gnoll hits you with a +0 whip.
* * * LOW HITPOINT WARNING * * *
You see here a +0 leather armour.
The gnoll hits you with a +0 whip.
* * * LOW HITPOINT WARNING * * *
There is a stone staircase leading up here.
The gnoll hits you with a +0 whip!
You die...

#.##.##.# ####### #.##.##.#
#.##.##.# #.....#####.##.##<#
#.......# #.....#...........#
#.......# #.....#.........###
#.......# #.....#.........#
#...#...# #.)...#.........#
#..###..# ###.###.........#
#...#...######.###.........#
#.............g@..)........#
#........##.#.###..........#
####.###.#.....g#..........#
#..^.....#.....####.##### ##
##..#.#####..#.####.#########
.#
##.###.#.#.........#........
.#
#.......#>[...#####.######.
.# #####.#.#####.# #.#######
.# ###.......# #.......#


You could see a gnoll.

Vanquished Creatures
  2 bullfrog skeletons (D:4)
  Robin (D:3)
  An adder (D:2)
  An ufetubus (D:3)
  2 orcs (D:3)
  6 ball pythons
  5 bats
  4 endoplasms (D:1)
  A giant cockroach (D:1)
  11 goblins (D:3)
  4 hobgoblins
  2 kobolds (D:3)
  3 quokkas
  6 frilled lizards
  4 rats
53 creatures vanquished.

Notes
Turn   | Place    | Note
-------+----------+-------------------------------------------
     0 | Abyss:1  | polve the Demonspawn Abyssal Knight began the quest for the
                  | Orb.
     0 | Abyss:1  | Reached XP level 1. HP: 18/18 MP: 2/2
     3 | Abyss:1  | Found a burning altar of Makhleb.
    47 | Abyss:2  | Noticed a thrashing horror
    51 | D:1      | Escaped the Abyss
   232 | D:1      | Reached skill level 2 in Short Blades
   313 | D:1      | Reached * piety under Lugonu
   391 | D:1      | Gained mutation: When seriously injured, your bleeding
                  | wounds create armour. (AC +6) [demonic ancestry]
   391 | D:1      | Reached XP level 2. HP: 23/24 MP: 3/3
   416 | D:1      | Found a faded altar of an unknown god.
  1347 | D:2      | Reached skill level 3 in Short Blades
  1347 | D:2      | Gained mutation: You have a pair of small horns on your
                  | head. [demonic ancestry]
  1347 | D:2      | Reached XP level 3. HP: 24/29 MP: 4/4
  1522 | D:2      | Found Ihuf's Book Shop.
  2439 | D:3      | Noticed Robin
  2476 | D:3      | Reached ** piety under Lugonu
  2495 | D:3      | Killed Robin
  2496 | D:3      | Reached skill level 4 in Short Blades
  2496 | D:3      | Reached XP level 4. HP: 15/35 MP: 5/5
  2703 | D:3      | Reached skill level 1 in Dodging
  3329 | D:4      | Noticed a scorpion
  3343 | D:4      | Gained mutation: Your demonic aura sometimes causes spilled
                  | blood to erupt in flames. [demonic ancestry]
  3343 | D:4      | Reached XP level 5. HP: 16/41 MP: 1/6
  3396 | D:3      | HP: 2/41 [gnoll/+0 whip (5)]
  3406 | D:3      | Slain by a gnoll

Illustrated notes

Levels and vault maps discovered:
D:1:      lemuel_arrival_room, layout_loops_ring, basic_ecumenical_altar
D:2:      layout_loops_ring, serial_shops, shop
D:3:      layout_loops_cross, grunt_decor_fettered, patterned_corridor,
          uniq_robin
D:4:      minmay_goblin_kobold_castle, layout_loops_ring, kennysheep_mini,
          minmay_temple_entry_proselytizer, minmay_between

Skill      XL: |  1  2  3  4 |
---------------+-------------+-----
Short Blades   | 2 3 4 |  4.0
Dodging        | 1 |  1.5
Armour         | 2 |  2.3
Fighting       | |  3.4
Invocations    | |  2.4

Action                   |  1- 3 |  4- 6 || total
-------------------------+-------+-------++-------
Melee: Short sword       |   154 |     1 ||   155
       Headbutt          |     8 |    10 ||    18
       Dagger            |       |    67 ||    67
Invok: Depart the Abyss  |     1 |       ||     1
       Bend Space        |       |     6 ||     6
  Use: Potion            |       |     4 ||     4
 Stab: Sleeping          |       |     1 ||     1
Armor: Leather armour    |    38 |    17 ||    55
       Skin              |       |    51 ||    51
Dodge: Dodged            |   103 |    13 ||   116

Table legend: (Time is in decaauts)
 A = Elapsed time spent in this place.
 B = Non-inter-level travel time spent in this place.
 C = Inter-level travel time spent in this place.
 D = Time resting spent in this place.
 E = Time spent auto-exploring this place.
 F = Levels seen in this place.
 G = Mean time per level.
                   A        B        C        D        E       F      G
               +--------+--------+--------+--------+--------+-----+--------+
         Total |   3363 |   3266 |     97 |      0 |   2823 |   6 |  560.5 |
       Dungeon |   3312 |   3215 |     97 |      0 |   2782 |   4 |  828.0 |
         Abyss |     50 |     50 |      0 |      0 |     41 |   2 |   25.0 |
               +--------+--------+--------+--------+--------+-----+--------+

Top non-repeatable levels by time:
     D:3: 1311 daAuts
     D:1: 1001 daAuts
     D:2: 938 daAuts
     D:4: 61 daAuts
 Abyss:1: 43 daAuts
 Abyss:2: 7 daAuts
